 Dungeon Crawl Stone Soup version 0.17-a0-2055-gb4e23be (webtiles) character file.

11338 Ijustatesigmund the Covert (level 11, -9/72 HPs)
             Began as an Octopode Assassin on Oct 11, 2015.
             Was a Priest of Cheibriados.
             Mangled by a yak (16 damage)
             ... on level 11 of the Dungeon.
             The game lasted 01:13:28 (14791 turns).

Ijustatesigmund the Covert (Octopode Assassin)     Turns: 14791, Time: 01:13:28

Health: -9/72      AC:  1    Str: 19    XL:     11   Next: 76%
Magic:  24/24      EV: 18    Int: 25    God:    Cheibriados [***...]
Gold:   679        SH:  7    Dex: 21    Spells: 1 memorised, 7 levels left

rFire  + . .     SeeInvis .     k - +4 dagger (venom)
rCold  . . .     Clarity  .     U - +0 buckler of Liberty {Slay+4}
rNeg   + + .     SustAt   .     (helmet restricted)
rPois  +         Gourm    .     H - amulet of warding
rElec  .         Spirit   .     u - ring of positive energy
rCorr  .         Warding  +     A - ring of magical power
rMut   .         Stasis   .     S - ring of poison resistance
MR     .....                    N - ring of protection from fire
Stlth  +++++++...               (no ring)
                                (no ring)
                                (no ring)
                                (no ring)

@: very slow, not resistant to hostile enchantments, extremely stealthy
A: almost no armour, amphibious, 8 rings, constrict 8, camouflage 1, gelatinous
body 1
a: Bend Time, Temporal Distortion, Renounce Religion


You were on level 11 of the Dungeon.
You worshipped Cheibriados.
Cheibriados was most pleased with you.
You were not hungry.

You visited 3 branches of the dungeon, and saw 14 of its levels.
You also visited: Sewer and Ossuary.

You collected 679 gold pieces.

Inventory:

Hand Weapons
 b - a +1 blowgun
 k - a +4 dagger of venom (weapon)
 x - a +0 hunting sling
 Q - a +0 dagger of holy wrath
Missiles
 g - 23 poisoned needles
 m - 70 sling bullets
 M - a curare-tipped needle
 W - 7 silver sling bullets
 Y - 6 needles of confusion
Armour
 v - a +1 shield of positive energy
 U - the +0 buckler of Liberty (worn) {Slay+4}
   (You acquired it on level 9 of the Dungeon)

   It affects your accuracy and damage with ranged weapons and melee attacks
   (+4).
Jewellery
 h - an uncursed ring of ice
 u - a ring of positive energy (left tentacle)
 A - a ring of magical power (right tentacle)
 H - an amulet of warding (around mantle)
 N - a ring of protection from fire (on tentacle)
 S - a ring of poison resistance (on tentacle)
Wands
 a - a wand of cold (6)
 d - a wand of enslavement (4)
 f - a wand of lightning (6)
 w - a wand of magic darts (13)
 J - a wand of fire (0)
 K - a wand of paralysis (8)
 L - a wand of lightning (8)
 O - a wand of slowing (18)
 P - a wand of disintegration (8)
 R - a wand of flame (16)
 Z - a wand of polymorph (12)
Scrolls
 i - 5 scrolls of remove curse
 l - a scroll of immolation
 s - a scroll of magic mapping
 y - a scroll of holy word
 z - a scroll of fog
 C - a scroll of recharging
Potions
 c - a potion of ambrosia {unknown}
 j - a potion of magic
 n - 2 potions of curing
 p - a potion of invisibility {unknown}
 q - a potion of lignification
 t - 3 potions of brilliance
 B - 2 potions of agility
 D - a potion of cure mutation {unknown}
 E - a potion of resistance {unknown}
 I - a potion of flight {unknown}
Books
 X - a Fen Folio

   Spells                             Type                      Level
   a - Corpse Rot                     Necromancy                   2
   b - Stone Arrow                    Conjuration/Earth            3
   c - Leda's Liquefaction            Hexes/Earth                  4
   d - Summon Forest                  Summoning/Translocation      5
   e - Hydra Form                     Transmutation                6
   f - Summon Hydra                   Summoning                    7
Comestibles
 e - 8 bread rations
 o - 6 slices of pizza
 r - 5 meat rations
 T - 4 beef jerkies


   Skills:
 + Level 5.8 Fighting
 - Level 7.1 Short Blades
 + Level 4.0(5.0) Slings
 - Level 4.6(5.3) Throwing
 + Level 6.8 Dodging
 - Level 10.6 Stealth
 - Level 7.0 Shields
 - Level 5.2 Conjurations
 - Level 5.4 Earth Magic
 - Level 5.4 Invocations


You had 7 spell levels left.
You knew the following spells:

 Your Spells              Type           Power        Failure   Level  Hunger
a - Stone Arrow           Conj/Erth      ####..       6%          3    ####...


Dungeon Overview and Level Annotations

Branches:
Dungeon (12/15)            Temple (1/1) D:4            Lair (1/8) D:9
    Orc: D:9-12

Altars:
Ashenzari
Cheibriados
Dithmenos
Elyvilon
Fedhas
Gozag
Kikubaaqudgha
Makhleb
Nemelex Xobeh
Okawaru
Qazlal
Ru
Sif Muna
Trog
Vehumet
Xom
Yredelemnul
Zin
The Shining One
Lugonu


Innate Abilities, Weirdness & Mutations

You cannot wear most types of armour.
You are amphibious.
You can wear up to eight rings at the same time.
You can use your tentacles to constrict eight enemies at once.
Your skin changes colour to match your surroundings (Stealth).
Your rubbery body absorbs attacks (AC +1).


Message History

* * * LOW HITPOINT WARNING * * *
The troll closely misses you. The troll barely misses you.
Read which item? (? for menu, Esc to quit)
Okay, then.
Drink which item? (? for menu, Esc to quit)
You feel better. The yak gores you!
* * * LOW HITPOINT WARNING * * *
The troll closely misses you. You block the troll's attack.
The troll claws you.
* * * LOW HITPOINT WARNING * * *
You puncture the troll!
The troll is poisoned.
You squeeze the troll!
The troll is severely wounded.
You block the yak's attack.
Drink which item? (? for menu, Esc to quit)
You feel better. The troll bites you!
* * * LOW HITPOINT WARNING * * *
The troll closely misses you. The troll claws you.
* * * LOW HITPOINT WARNING * * *
The yak gores you!
You die... ##...........# ##.....## ########..#########.###.......## )))..............##.##.........# ################.#..##....^....# #.#.####.......## # #.#.# ##.....### #.PPP

#.#.# ##....(.# ###P#P.#P. #T#.#
#...###÷# ##.#....#.###@#.#
#.#.###.## ##.....#..##.#Y#.#
#.#.##...#
##Y#...#...#.##Y#.#####.#####'##
##Y##P........##.#.......#..#.)#
#.J#.≈≈≈≈≈≈≈≈≈≈#.........#..#..#
.#≈.≈≈≈≈≈≈≈≈≈≈≈#.#.†.....#..'..#
≈≈≈≈≈.≈≈≈.≈≈≈..#.#.#######..#..#
.#≈≈Y#≈≈≈#≈≈≈#.#.........#..#..#
###.###.###.####..###....#######


You could see 2 yaks and a troll.

Vanquished Creatures
  A centaur warrior (D:11)
  The ghost of aimeelou the Covert, a novice VSNe of Kikubaaqudgha (D:10)
  A centaur zombie (D:11)
  A spiny frog (Lair:1)
  Psyche (D:9)
  4 centaur skeletons
  A komodo dragon (D:9)
  Grinder (D:5)
  A shadow (D:12)
  A wyvern (D:9)
  Sigmund (D:2)
  A human (D:11)
  A fire elemental (D:11)
  A trapdoor spider (D:11)
  2 basilisks (D:11)
  7 yaks
  2 hippogriffs
  Menkaure (D:4)
  A wasp (D:11)
  2 ice beasts
  3 phantoms
  A sky beast (D:8)
  An eye of draining (D:10)
  4 ogres
  2 black bears
  11 centaurs
  A crocodile (Lair:1)
  4 giant frogs
  2 big kobolds (Sewer)
  2 scorpions
  4 killer bees (D:8)
  10 wights
  2 electric eels (D:11)
  5 crimson imps
  2 quasits
  A giant frog zombie (D:6)
  3 hounds
  A lava snake (D:11)
  4 orc priests
  6 jellies
  12 orc wizards
  A gnoll shaman (D:8)
  2 giant frog skeletons
  5 worker ants
  4 iguanas
  2 sheep (D:11)
  A hound zombie (D:6)
  A hound skeleton (D:4)
  11 gnolls
  19 adders
  2 river rats
  A shadow imp (D:7)
  5 oozes
  An adder skeleton (D:9)
  7 worms
  10 giant geckos
  35 orcs
  6 ball pythons
  10 bats
  12 giant cockroaches
  8 hobgoblins
  19 jackals
  9 quokkas
  A ball python skeleton (Ossuary)
  A giant gecko skeleton (D:5)
  A giant gecko zombie (D:5)
  8 giant newts
  7 goblins
  A hobgoblin skeleton (Ossuary)
  A hobgoblin zombie (Ossuary)
  11 kobolds
  A kobold zombie (Ossuary)
  2 orc skeletons (Ossuary)
  An orc zombie (Ossuary)
  16 rats
335 creatures vanquished.

Vanquished Creatures (collateral kills)
  An adder (D:5)
1 creature vanquished.

Vanquished Creatures (others)
  A phantom (D:7)
  A plant (D:9)
2 creatures vanquished.

Grand Total: 338 creatures vanquished

Notes
Turn   | Place    | Note
--------------------------------------------------------------
     0 | D:1      | Ijustatesigmund the Octopode Assassin began the quest for the Orb.
     0 | D:1      | Reached XP level 1. HP: 14/14 MP: 1/1
   162 | D:1      | Reached XP level 2. HP: 17/19 MP: 2/2
   739 | D:1      | Reached XP level 3. HP: 21/24 MP: 3/3
  1749 | D:2      | Reached XP level 4. HP: 26/30 MP: 4/4
  1778 | D:2      | Noticed Sigmund
  1789 | D:2      | Killed Sigmund
  1789 | D:2      | Reached skill level 6 in Stealth
  1789 | D:2      | Reached XP level 5. HP: 34/36 MP: 5/5
  1827 | D:2      | Reached XP level 6. HP: 36/42 MP: 6/6
  1896 | D:2      | Found a radiant altar of Vehumet.
  2415 | D:3      | Found a stormy altar of Qazlal.
  2654 | D:3      | Found a burning altar of Makhleb.
  3192 | D:4      | Reached XP level 7. HP: 37/46 MP: 7/7
  3238 | D:4      | Reached skill level 7 in Stealth
  3283 | D:4      | Found a staircase to the Ecumenical Temple.
  3324 | D:4      | Found a glowing drain.
  3383 | Sewer    | Entered a sewer
  4104 | Temple   | Entered the Ecumenical Temple
  4156 | D:4      | Found a bloodstained altar of Trog.
  4257 | D:4      | Noticed Menkaure
  4264 | D:4      | Killed Menkaure
  4264 | D:4      | Reached XP level 8. HP: 54/54 MP: 8/8
  4414 | D:5      | Entered Level 5 of the Dungeon
  4582 | D:5      | Found a sand-covered staircase.
  4587 | Ossuary  | Entered an ossuary
  4660 | Ossuary  | Reached skill level 1 in Slings
  4699 | Ossuary  | Noticed a flying skull
  4708 | Ossuary  | Noticed a flying skull
  4727 | Ossuary  | Noticed a flying skull
  4729 | Ossuary  | Noticed a flying skull
  4755 | Ossuary  | Noticed a flying skull
  5116 | D:5      | Noticed Grinder
  5136 | D:5      | Killed Grinder
  5136 | D:5      | Reached skill level 5 in Short Blades
  5136 | D:5      | Reached skill level 8 in Stealth
  5582 | D:5      | Found a snail-covered altar of Cheibriados.
  5778 | D:5      | Reached skill level 5 in Dodging
  6127 | D:6      | Reached XP level 9. HP: 58/58 MP: 9/9
  6216 | D:6      | Reached skill level 9 in Stealth
  6309 | D:6      | Identified a scroll of acquirement
  6327 | D:6      | Noticed a centaur skeleton
  6346 | D:6      | Killed a centaur skeleton
  6991 | D:7      | Found a sparkling altar of Nemelex Xobeh.
  7248 | D:7      | Reached skill level 5 in Shields
  7549 | D:7      | Found a glowing silver altar of Zin.
  7553 | D:7      | Noticed an angel
  7556 | D:7      | Found a shimmering altar of Xom.
  7587 | D:7      | You fall through a shaft for 2 floors!
  7593 | D:9      | Found a blossoming altar of Fedhas.
  7726 | D:7      | Found a sacrificial altar of Ru.
  7891 | D:7      | Found a basalt altar of Yredelemnul.
  7987 | D:5      | Became a worshipper of Cheibriados the Contemplative
  8356 | D:8      | Reached skill level 1 in Invocations
  8885 | D:8      | Found a basalt altar of Yredelemnul.
  8943 | D:8      | Acquired Cheibriados's first power
  8958 | D:8      | Reached XP level 10. HP: 14/63 MP: 12/12
  9804 | D:9      | Got a jewelled buckler
  9816 | D:9      | Identified the +0 buckler of Liberty {Slay+4} (You acquired it on level 9 of the Dungeon)
  9899 | D:9      | Noticed Psyche
  9906 | D:9      | Killed Psyche
 10336 | D:9      | Reached skill level 10 in Stealth
 10731 | D:9      | Found a staircase to the Lair.
 10732 | D:9      | Noticed a komodo dragon
 10789 | D:9      | Killed a komodo dragon
 10789 | D:9      | Reached skill level 5 in Invocations
 10863 | Lair:1   | Entered Level 1 of the Lair of Beasts
 11144 | D:9      | Learned a level 3 spell: Stone Arrow
 11180 | D:10     | Entered Level 10 of the Dungeon
 11197 | D:10     | Noticed aimeelou's ghost (novice VSNe)
 11221 | D:11     | Reached skill level 1 in Conjurations
 11221 | D:11     | Reached skill level 1 in Earth Magic
 11680 | D:11     | Noticed a centaur warrior
 11695 | D:11     | Killed a centaur warrior
 11695 | D:11     | Reached XP level 11. HP: 56/69 MP: 15/15
 12186 | D:10     | Acquired Cheibriados's second power
 12438 | D:10     | Reached skill level 5 in Earth Magic
 12442 | D:10     | Reached skill level 5 in Conjurations
 13462 | D:10     | Killed aimeelou's ghost
 13462 | D:10     | Reached skill level 5 in Fighting
 13921 | D:12     | Noticed a four-headed hydra
 14020 | D:11     | Acquired Cheibriados's third power
 14791 | D:11     | Mangled by a yak

Vault maps used:
D:1:      elethiomel_arrival_quiet
D:2:      nicolae_overflow_hidden_temple, uniq_sigmund
D:3:      overflow_temple_1_default, makhleb_heckhound_becter, first_bread
D:4:      overflow_temple_1_default, minmay_temple_entry_glassed_door,
          portal_sewer_entry_c, uniq_menkaure
D:5:      kennysheep_little_box, enter_ossuary_2, uniq_grinder
D:7:      grunt_temple_overflow_order_and_chaos_1,
          nemelex_xobeh_ov_fountains_minmay, kennysheep_mini_moat,
          old_standard_altar, kennysheep_generic_room_3
D:8:      david_defended_altar_elf
D:9:      kennysheep_mini, david_lair_shrubbed, serial_glass, glass_columns_a,
          glass_columns_b, uniq_psyche
D:11:     wad_lake_hut, grunt_livestock, nicolae_lava_and_water
D:12:     erik_orc_3, serial_shops, shop, laboratory
Temple:   corrupted_temple
Lair:1:   uniq_harold
Sewer:    sewer_co_tree
Ossuary:  ossuary_due_cavern

Action                   |  1- 3 |  4- 6 |  7- 9 | 10-12 || total
-------------------------+-------+-------+-------+-------++-------
Melee: Dagger            |    73 |    91 |   324 |   253 ||   741
       Great sword       |       |       |     4 |       ||     4
 Fire: Blowgun           |     5 |    14 |    53 |    39 ||   111
       Hunting sling     |       |       |    60 |    53 ||   113
 Cast: Stone Arrow       |       |       |       |     8 ||     8
Invok: Slouch            |       |       |       |     1 ||     1
Evoke: Wand              |       |       |     9 |     3 ||    12
  Use: Scroll            |     5 |     6 |    16 |    13 ||    40
       Potion            |       |       |     9 |     9 ||    18
 Stab: Sleeping          |    17 |    18 |    54 |    22 ||   111
       Distracted        |       |     1 |     1 |     2 ||     4
  Eat: Chunk             |     2 |     5 |    13 |     6 ||    26
       Pizza             |       |       |     1 |     2 ||     3
       Bread ration      |       |       |     1 |       ||     1
       Fruit             |       |       |       |     2 ||     2
